[Event "Swiss National League-A 2024"]
[Site "Luzern"]
[Date "2024.10.12"]
[Round "8.21"]
[White "Salvetti, Manlio Alec"]
[Black "Wyss, Jonas"]
[Result "1-0"]
[ECO "C06"]
[WhiteElo "2129"]
[BlackElo "2281"]
[Annotator "RC"]
[PlyCount "115"]
[EventDate "2023.10.03"]
[EventType "team-tourn"]
[EventCountry "SUI"]
[SourceTitle "playchess.com"]
[Source "ChessBase"]
[SourceQuality "1"]
[TimeControl "40/8400+30:20/3000+30:900+30"]

1. e4 e6 2. d4 d5 3. Nd2 Nf6 4. e5 Nfd7 5. Bd3 c5 6. c3 Nc6 7. Ne2 cxd4 8. cxd4 f6 9. exf6 Nxf6 10. Nf3 Bd6 11. O-O Qc7 12. Nc3 a6 13. h3 O-O 14. Be3 Bd7 15. Rc1 Be8 16. Ng5 Qe7 17. f4 h6 18. Nf3 Bh5 19. Qd2 Bxf3 20. Rxf3 Rad8 21. Bb1 Bb4 22. Qc2 Bxc3 23. Qxc3 Ne4 24. Bxe4 dxe4 25. Rg3 Nb4 26. Qb3 Nd5 27. Qc2 Nxf4 28. Rg4 Qd6 29. Rf1 Nh5 30. Rxf8+ Rxf8 31. Rxe4 Ng3 32. Re5 h5 33. Bf2 h4 34. Qc4 Rf6 35. Qc8+ Kh7 36. Qc5 Qxc5 37. dxc5 Nf5 38. b4 g5 39. a4 Kg6 40. b5 axb5 41. axb5 Ne7 42. Be3 Nf5 43. c6 bxc6 44. bxc6 Nxe3 45. Rxe3 e5 46. Rc3 Rf8 47. c7 Rc8 48. Kf2 Kf5 49. Ke3 Ke6 50. Ke4 Kd6 51. Rc4 Ke6 52. Rc6+ Kd7 53. Kd5 e4 54. Rd6+ Ke7 55. Kc6 Re8 56. Rd7+ Kf6 57. Rd8 Re6+ 58. Rd6 1-0

[Event "Swiss National League-A 2024"]
[Site "Luzern"]
[Date "2024.10.12"]
[Round "8.22"]
[White "Degtiarev, Evgeny"]
[Black "Cacciola, Alfredo"]
[Result "1-0"]
[ECO "E90"]
[WhiteElo "2393"]
[BlackElo "2165"]
[Annotator "RC"]
[PlyCount "129"]
[EventDate "2023.10.03"]
[EventType "team-tourn"]
[EventCountry "SUI"]
[SourceTitle "playchess.com"]
[Source "ChessBase"]
[SourceQuality "1"]
[TimeControl "40/8400+30:20/3000+30:900+30"]

1. d4 Nf6 2. c4 g6 3. Nc3 Bg7 4. e4 d6 5. h3 O-O 6. Be3 e5 7. d5 Na6 8. Nf3 Nc5 9. Qc2 a5 10. g4 c6 11. dxc6 bxc6 12. O-O-O Qe7 13. Ne1 Ne6 14. f3 Nd7 15. h4 Ndc5 16. h5 Bf6 17. Nd3 Bg5 18. Bxg5 Qxg5+ 19. Qd2 Nxd3+ 20. Bxd3 Qxd2+ 21. Kxd2 Nd4 22. Ke3 g5 23. c5 dxc5 24. Na4 Be6 25. Nxc5 Rfd8 26. b3 h6 27. Rc1 Rd6 28. Rhd1 Kf8 29. Bf1 Ra7 30. Nd3 f6 31. Nc5 Ke7 32. Rd3 Rd8 33. Na4 Bc8 34. Rdc3 Be6 35. Rc5 Kd6 36. R5c3 Rb8 37. Nc5 Ke7 38. Nxe6 Kxe6 39. Rxc6+ Nxc6 40. Rxc6+ Ke7 41. Bc4 Rf8 42. Bd5 a4 43. b4 a3 44. b5 Rb7 45. Re6+ Kd7 46. Ra6 Rbb8 47. Bc6+ Kd6 48. Rxa3 Kc5 49. Ra7 Rfd8 50. a4 Rd1 51. Rh7 Ra1 52. Rxh6 Rxa4 53. Rxf6 Rd8 54. Bd5 Ra3+ 55. Kf2 Kxb5 56. Rf5 Re8 57. Rxg5 Kc5 58. Rf5 Kd4 59. h6 Rb8 60. Rh5 Rb2+ 61. Kg3 Ra1 62. Rh3 Ke3 63. h7 Rg1+ 64. Kh4 Rb8 65. Bg8 1-0

[Event "Swiss National League-A 2024"]
[Site "Luzern"]
[Date "2024.10.12"]
[Round "8.23"]
[White "Medici, Simone"]
[Black "Rodriguez Polo, Mateo"]
[Result "0-1"]
[ECO "B72"]
[WhiteElo "2205"]
[BlackElo "2196"]
[Annotator "RC"]
[PlyCount "81"]
[EventDate "2023.10.03"]
[EventType "team-tourn"]
[EventCountry "SUI"]
[SourceTitle "playchess.com"]
[Source "ChessBase"]
[SourceQuality "1"]
[TimeControl "40/8400+30:20/3000+30:900+30"]

1. e4 c5 2. Nf3 d6 3. d4 cxd4 4. Nxd4 Nf6 5. Nc3 Nc6 6. Be2 g6 7. Be3 Bg7 8. Qd2 Ng4 9. Bxg4 Bxg4 10. f3 Be6 11. Nxc6 bxc6 12. Bd4 f6 13. O-O O-O 14. Kh1 Qa5 15. Nb1 Qa6 16. Re1 Bf7 17. Bc3 Rad8 18. Qe2 Bc4 19. Qe3 e5 20. b3 Be6 21. Nd2 d5 22. Bb4 Rf7 23. Qc5 Qb7 24. Qa5 Rc8 25. Bc5 f5 26. Nf1 Rd7 27. Rad1 Qb5 28. Qxb5 cxb5 29. exd5 Rxd5 30. Rxd5 Bxd5 31. Bxa7 Ra8 32. Rd1 Be6 33. Bg1 Rxa2 34. Rd8+ Kf7 35. Rb8 Ra1 36. Rb7+ Kf6 37. Ne3 Bh6 38. Nxf5 gxf5 39. g4 Be3 40. g5+ Kxg5 41. Rxb5 0-1

[Event "Swiss National League-A 2024"]
[Site "Luzern"]
[Date "2024.10.12"]
[Round "8.24"]
[White "Gantner, Matthias"]
[Black "Levacic, Damir"]
[Result "1-0"]
[ECO "B07"]
[WhiteElo "2284"]
[BlackElo "2095"]
[Annotator "RC"]
[PlyCount "81"]
[EventDate "2023.10.03"]
[EventType "team-tourn"]
[EventCountry "SUI"]
[SourceTitle "playchess.com"]
[Source "ChessBase"]
[SourceQuality "1"]
[TimeControl "40/8400+30:20/3000+30:900+30"]

1. e4 g6 2. d4 Bg7 3. Nc3 d6 4. Be3 Nf6 5. Qd2 c6 6. a4 Nbd7 7. h3 Qc7 8. f4 e5 9. g4 exd4 10. Bxd4 O-O 11. O-O-O Re8 12. Bg2 Nb6 13. g5 Nh5 14. Bxg7 Kxg7 15. Nge2 d5 16. exd5 Nxd5 17. Bxd5 cxd5 18. Nxd5 Qc4 19. Qc3+ Qxc3 20. Nexc3 Rb8 21. h4 Bg4 22. Rde1 Red8 23. Re3 Rd7 24. Rhe1 Rbd8 25. Re7 Rxd5 26. Nxd5 Rxd5 27. Rxb7 Nxf4 28. b3 Rc5 29. Re8 h6 30. gxh6+ Kxh6 31. Rxf7 Ne2+ 32. Kb2 g5 33. hxg5+ Kxg5 34. Rg7+ Kf4 35. Rxg4+ Kxg4 36. Rxe2 Kf4 37. b4 Rc7 38. a5 Kf5 39. Kb3 Rh7 40. c4 Rd7 41. b5 1-0

[Event "Swiss National League-A 2024"]
[Site "Luzern"]
[Date "2024.10.12"]
[Round "8.25"]
[White "Klauser, Markus"]
[Black "Peng, Li Min"]
[Result "0-1"]
[ECO "B90"]
[WhiteElo "2324"]
[BlackElo "2496"]
[Annotator "TA"]
[PlyCount "66"]
[EventDate "2023.10.03"]
[EventType "team-tourn"]
[EventCountry "SUI"]
[SourceTitle "playchess.com"]
[Source "ChessBase"]
[SourceQuality "1"]
[TimeControl "40/8400+30:20/3000+30:900+30"]

1. e4 c5 2. Nf3 d6 3. d4 cxd4 4. Nxd4 Nf6 5. Nc3 a6 6. Be3 Ng4 7. Bc1 Nf6 8. Be3 e5 9. Nf3 Qc7 10. a4 Be7 11. a5 O-O 12. Bb6 Qc6 13. Ra4 Be6 {[%emt 0:03:34] Hoping for ...Nbd7. Black is slightly better.} 14. Ng5 d5 15. Nxe6 (15. exd5 $15 Bxd5 16. Bd3) 15... fxe6 $17 16. Bd3 Nbd7 17. O-O Nxb6 18. axb6 d4 {[%emt 0:03:29][%cal Oe7c5] [#] Strongly threatening ...Bc5!} ({Resist} 18... Qxb6 19. exd5 Qxb2 (19... exd5 20. Nxd5 Nxd5 21. Bc4 $17) 20. d6 Bxd6 21. Ne4 $15) 19. Rc4 Qxb6 {[%emt 0:00:02] Black is more active.} 20. Ne2 {[%emt 0:05:10] White is weak on the dark squares} Qxb2 21. h3 (21. Qb1 $17 Qxb1 22. Rxb1) 21... Bd6 22. g3 (22. Qb1 $17 Qxb1 23. Rxb1) 22... Qa3 23. f4 (23. Qb1 {is a better defense.} b5 24. Rc6) 23... Nd7 $19 24. f5 (24. Qb1 $142) 24... Nb6 25. Kg2 Kh8 {[%emt 0:01:55] Black is clearly winning.} 26. Qb1 Nxc4 27. Bxc4 exf5 28. exf5 Qc5 29. Be6 e4 30. Qxb7 Qxc2 31. f6 gxf6 32. Rf2 e3 33. Bf5 {[%emt 0:00:46][%csl Gf5][%cal Rb7h7] [#]} Qc7 {[%emt 0:00:06] White got outplayed after the opening.   Weighted Error Value: White=0.91/Black=0.32.  Mistake:       	White=5     	---        Inaccurate:     	White=3     	---        OK:         	White=5     	Black=10} 0-1

[Event "Swiss National League-A 2024"]
[Site "Luzern"]
[Date "2024.10.12"]
[Round "8.26"]
[White "Prusikin, Michael"]
[Black "Mattenberger, Matthias"]
[Result "0-1"]
[ECO "E61"]
[WhiteElo "2516"]
[BlackElo "2238"]
[Annotator "TA"]
[PlyCount "72"]
[EventDate "2023.10.03"]
[EventType "team-tourn"]
[EventCountry "SUI"]
[SourceTitle "playchess.com"]
[Source "ChessBase"]
[SourceQuality "1"]
[TimeControl "40/8400+30:20/3000+30:900+30"]

1. d4 Nf6 2. Nf3 g6 3. e3 Bg7 4. Be2 O-O 5. O-O d6 6. c4 c5 7. Nc3 cxd4 8. exd4 d5 9. Re1 Nc6 10. h3 {[%emt 0:04:09] Prevents Bg4.} Be6 {[%emt 0:09:40] The position is equal.} 11. c5 Ne4 12. Bb5 Nxc3 13. bxc3 Bd7 14. Rb1 e6 15. Bf4 b6 16. Bd6 Re8 17. Qa4 Qc8 18. Rb2 (18. Qa3 $14 Qd8 19. Rb2) 18... a6 (18... bxc5 $1 $11 19. Bxc5 (19. dxc5 Bxc3 20. Ba6 Qd8 $15) 19... a6 20. Bxc6 Bxc6) 19. Bxc6 $16 Bxc6 {[%emt 0:00:39] Black is weak on the dark squares} 20. Qc2 bxc5 21. dxc5 Ra7 ({Better is} 21... Rd8) 22. Reb1 Rb7 (22... Ra8 $16 {was necessary.}) 23. Rxb7 $18 Bxb7 {[%emt 0:00:07] A strong pair of Bishops.} 24. Qa4 {[%emt 0:01:52] Dodges e5} ({White should play} 24. Rb6 $18) 24... Bc6 $16 {[%emt 0:13:50] [#]} 25. Qa5 e5 26. Rb8 Qe6 {[%emt 0:01:56] [#]} 27. Qxa6 ({White has to play} 27. Rb6 $1 $16 Bb5 28. Bxe5) 27... Rxb8 $11 28. Bxb8 d4 29. cxd4 exd4 30. Bd6 Bd5 31. a4 (31. Qb6 $5 Qe8 32. Qb4 $14) 31... h6 $1 32. a5 Qe4 {[%emt 0:00:41] Inhibits Qd3. Hoping for ...d3.} 33. Qc8+ Kh7 34. Qd7 d3 {[%emt 0:02:20][%cal Od3d2] ( -> ...d2!)} 35. a6 $2 {[%emt 0:01:22][%mdl 8192] [#]} (35. Bf4 $15) 35... d2 $1 36. Nxd2 (36. Bg3 Qb1+) 36... Qxg2# {[%emt 0:00:03] What a bad dream for White.   Weighted Error Value: White=0.38/Black=0.17 (very precise) .  Loses game:     	White=1     	---        Mistake:       	White=3     	Black=3      Inaccurate:     	White=2     	Black=2      OK:         	White=9     	Black=11     Best:        	White=2     	Black=2      Strong:       	---       	Black=1      Brilliant:      	---       	Black=1} 0-1

[Event "Swiss National League-A 2024"]
[Site "Luzern"]
[Date "2024.10.12"]
[Round "8.27"]
[White "Boffa, Mauro"]
[Black "Hochstrasser, Michael"]
[Result "1/2-1/2"]
[ECO "D10"]
[WhiteElo "2206"]
[BlackElo "2316"]
[Annotator "RC"]
[PlyCount "62"]
[EventDate "2023.10.03"]
[EventType "team-tourn"]
[EventCountry "SUI"]
[SourceTitle "playchess.com"]
[Source "ChessBase"]
[SourceQuality "1"]
[TimeControl "40/8400+30:20/3000+30:900+30"]

1. d4 d5 2. c4 c6 3. cxd5 cxd5 4. Bg5 Nc6 5. Nc3 Nf6 6. Bxf6 gxf6 7. e3 e6 8. Bd3 Bd6 9. f4 Bd7 10. Nf3 f5 11. O-O f6 12. Rc1 O-O 13. Kh1 Kh8 14. Nh4 Rg8 15. Rg1 Qf8 16. g3 Rc8 17. Rg2 Qh6 18. Qe2 Ne7 19. Rcg1 Be8 20. h3 Rc7 21. Nb5 Bxb5 22. Bxb5 Ng6 23. Nxg6+ Rxg6 24. Rh2 Rg8 25. Bd3 Rcg7 26. Qf2 Qh5 27. Be2 Qf7 28. Rhg2 Qc7 29. Bd3 Qf7 30. Be2 Qc7 31. Bd3 Qf7 1/2-1/2

[Event "Swiss National League-A 2024"]
[Site "Luzern"]
[Date "2024.10.12"]
[Round "8.28"]
[White "Gaehler, Marco"]
[Black "Loeffler, Markus"]
[Result "1/2-1/2"]
[ECO "C00"]
[WhiteElo "2312"]
[BlackElo "2256"]
[Annotator "RC"]
[PlyCount "92"]
[EventDate "2023.10.03"]
[EventType "team-tourn"]
[EventCountry "SUI"]
[SourceTitle "playchess.com"]
[Source "ChessBase"]
[SourceQuality "1"]
[TimeControl "40/8400+30:20/3000+30:900+30"]

1. e4 e6 2. Nf3 d5 3. e5 c5 4. b4 cxb4 5. a3 bxa3 6. d4 Nc6 7. Bd3 h6 8. O-O Bd7 9. Nxa3 Rc8 10. c3 a6 11. Nd2 Na5 12. Bb2 Ne7 13. f4 Nf5 14. Qf3 g6 15. g4 Nh4 16. Qg3 Be7 17. Nc2 Bb5 18. Bxb5+ axb5 19. Ne3 Nc4 20. Ndxc4 dxc4 21. f5 gxf5 22. gxf5 Bg5 23. fxe6 fxe6 24. Ng4 Qd5 25. Bc1 Be7 26. Bxh6 Kd7 27. Rf7 Kc6 28. Raf1 Rcg8 29. Bg7 Nf5 30. R1xf5 exf5 31. Rxe7 fxg4 32. Bxh8 Rxh8 33. Qxg4 b4 34. cxb4 Rg8 35. Rg7 Rxg7 36. Qxg7 Qxd4+ 37. Kf1 c3 38. Qg6+ Kb5 39. e6 Qc4+ 40. Kf2 c2 41. e7 Qd4+ 42. Kf3 c1=Q 43. e8=Q+ Kxb4 44. Qe7+ Ka4 45. Qee8+ Kb4 46. Qe7+ Ka4 1/2-1/2

[Event "Swiss National League-A 2024"]
[Site "Luzern"]
[Date "2024.10.12"]
[Round "8.29"]
[White "Schweizer, Simon"]
[Black "Moor, Olivier"]
[Result "1-0"]
[ECO "C01"]
[WhiteElo "2124"]
[BlackElo "2286"]
[Annotator "RC"]
[PlyCount "135"]
[EventDate "2023.10.03"]
[EventType "team-tourn"]
[EventCountry "SUI"]
[SourceTitle "playchess.com"]
[Source "ChessBase"]
[SourceQuality "1"]
[TimeControl "40/8400+30:20/3000+30:900+30"]

1. e4 e6 2. d4 d5 3. Bd3 dxe4 4. Bxe4 Nf6 5. Bf3 c5 6. Ne2 Be7 7. O-O O-O 8. Nbc3 a6 9. Be3 cxd4 10. Qxd4 Nc6 11. Qxd8 Rxd8 12. Na4 Nd7 13. Bxc6 bxc6 14. Nd4 Bb7 15. Nb3 Rab8 16. Rfd1 Kf8 17. Ba7 Ra8 18. Bb6 Nxb6 19. Nxb6 Rxd1+ 20. Rxd1 Rd8 21. Rxd8+ Bxd8 22. Nc4 Ke7 23. Nba5 Ba8 24. b4 f6 25. a3 e5 26. f3 Bxa5 27. Nxa5 c5 28. bxc5 Ke6 29. c4 f5 30. Kf2 g5 31. g3 h5 32. f4 exf4 33. gxf4 gxf4 34. h4 Be4 35. Nb3 Ke5 36. Nd2 a5 37. Nf3+ Ke6 38. Ke2 Kd7 39. Nd4 a4 40. Kd2 Ke7 41. Ne2 f3 42. Nf4 Kf6 43. Ke3 Ke5 44. Nxh5 f4+ 45. Kf2 Kd4 46. Nf6 Bf5 47. Kxf3 Kxc5 48. Kxf4 Bc2 49. Nd5 Bh7 50. Ne3 Kd4 51. h5 Bg8 52. h6 Bh7 53. c5 Kxc5 54. Ke5 Bg6 55. Kf6 Bh7 56. Ke5 Bg6 57. Nd5 Kc4 58. Nf4 Bh7 59. Kf6 Kb3 60. Kg7 Bc2 61. Ng6 Kxa3 62. h7 Kb2 63. h8=Q a3 64. Qb8+ Bb3 65. Qe5+ Kb1 66. Qe1+ Kb2 67. Qd2+ Kb1 68. Nf4 1-0

[Event "Swiss National League-A 2024"]
[Site "Luzern"]
[Date "2024.10.12"]
[Round "8.30"]
[White "Maeser, Fabian"]
[Black "Salzgeber, Frank"]
[Result "1-0"]
[ECO "B52"]
[WhiteElo "2268"]
[BlackElo "2085"]
[Annotator "RC"]
[PlyCount "107"]
[EventDate "2023.10.03"]
[EventType "team-tourn"]
[EventCountry "SUI"]
[SourceTitle "playchess.com"]
[Source "ChessBase"]
[SourceQuality "1"]
[TimeControl "40/8400+30:20/3000+30:900+30"]

1. e4 c5 2. Nf3 d6 3. Bb5+ Bd7 4. Bxd7+ Qxd7 5. c4 Nc6 6. Nc3 g6 7. d4 cxd4 8. Nxd4 Bg7 9. Be3 Nf6 10. f3 O-O 11. O-O Rfd8 12. Qd3 Rac8 13. b3 e6 14. Rad1 d5 15. exd5 exd5 16. Nxc6 bxc6 17. Bd4 dxc4 18. Qxc4 Nd5 19. Bxg7 Kxg7 20. Rfe1 Qf5 21. Ne4 Rc7 22. Qd4+ f6 23. Nc5 Rd6 24. Re4 Rf7 25. Rde1 g5 26. Ne6+ Kh6 27. Qd2 Rfd7 28. Qc1 Re7 29. Nxg5 fxg5 30. Rxe7 Nxe7 31. Rxe7 Rd1+ 32. Qxd1 Qc5+ 33. Kf1 Qxe7 34. Qd2 Kh5 35. g4+ Kg6 36. Qc2+ Kg7 37. Qxc6 Qe3 38. Qb7+ Kf6 39. Qc6+ Kg7 40. Qe4 Qc1+ 41. Kf2 Qd2+ 42. Qe2 Qd6 43. Qb2+ Kg6 44. Kg2 Qd3 45. Qf2 h5 46. gxh5+ Kxh5 47. Qxa7 Qc2+ 48. Qf2 Qd3 49. b4 Qc4 50. Qb2 Qb5 51. a3 Kh6 52. h3 Kh5 53. a4 Qxa4 54. b5 1-0

[Event "Swiss National League-A 2024"]
[Site "Luzern"]
[Date "2024.10.12"]
[Round "8.31"]
[White "Barth, Can-Elian"]
[Black "Fend, Juergen"]
[Result "0-1"]
[ECO "D31"]
[WhiteElo "2065"]
[BlackElo "2264"]
[Annotator "RC"]
[PlyCount "82"]
[EventDate "2023.10.03"]
[EventType "team-tourn"]
[EventCountry "SUI"]
[SourceTitle "playchess.com"]
[Source "ChessBase"]
[SourceQuality "1"]
[TimeControl "40/8400+30:20/3000+30:900+30"]

1. d4 d5 2. c4 c6 3. Nc3 e6 4. e4 dxe4 5. Nxe4 Bb4+ 6. Bd2 Qxd4 7. Bxb4 Qxe4+ 8. Ne2 Na6 9. Bf8 Ne7 10. Bxg7 Nb4 11. Bxh8 Nd3+ 12. Kd2 Nxf2 13. Qc2 Qh4 14. Rg1 e5 15. Ng3 Qxh2 16. Bxe5 Ng6 17. Bc7 Qxg1 18. Re1+ Be6 19. Qf5 Kd7 20. Rxe6 fxe6 21. Qf7+ Ne7 22. Qf4 Rg8 23. Nh5 Ng4 24. Be2 Qxg2 25. Qd6+ Ke8 26. Qxe6 Rg6 27. Ng7+ Rxg7 28. Bd6 Qf2 29. Bxe7 Rxe7 30. Qxg4 Rxe2+ 31. Qxe2+ Qxe2+ 32. Kxe2 c5 33. a3 Ke7 34. b4 b6 35. Ke3 Ke6 36. Ke4 cxb4 37. axb4 a5 38. c5 axb4 39. cxb6 Kd6 40. Kd4 h5 41. b7 Kc7 0-1

[Event "Swiss National League-A 2024"]
[Site "Luzern"]
[Date "2024.10.12"]
[Round "8.32"]
[White "Frey, Fabian"]
[Black "Schweizer, Samuel"]
[Result "0-1"]
[ECO "A30"]
[WhiteElo "2179"]
[BlackElo "2006"]
[Annotator "RC"]
[PlyCount "106"]
[EventDate "2023.10.03"]
[EventType "team-tourn"]
[EventCountry "SUI"]
[SourceTitle "playchess.com"]
[Source "ChessBase"]
[SourceQuality "1"]
[TimeControl "40/8400+30:20/3000+30:900+30"]

1. c4 b6 2. Nf3 Bb7 3. b3 Nf6 4. Bb2 c5 5. g3 Nc6 6. Bg2 d6 7. O-O e5 8. Nc3 g6 9. e3 Bg7 10. d4 O-O 11. a3 Qe7 12. d5 Na5 13. Nd2 Bc8 14. b4 Nb7 15. Nb3 Bd7 16. b5 Ng4 17. a4 f5 18. a5 e4 19. axb6 axb6 20. Na4 Bxb2 21. Nxb2 h5 22. h3 Ne5 23. Qd2 h4 24. Ra6 g5 25. Rfa1 Rae8 26. Rxb6 Nd8 27. Na5 Ndf7 28. Nc6 Qf6 29. Nxe5 Rxe5 30. Rb7 Bc8 31. Rba7 g4 32. b6 gxh3 33. Bxh3 Ng5 34. Bg2 h3 35. Bh1 h2+ 36. Kf1 Qh6 37. Qd1 Qh3+ 38. Ke2 f4 39. Kd2 fxe3+ 40. Kc3 exf2 41. Rc7 Bg4 42. Qd2 Qxg3+ 43. Kc2 e3 44. Qc3 Bf5+ 45. Kb3 Ne4 46. Bxe4 Bxe4 47. b7 h1=Q 48. Rxh1 Bxh1 49. Rc8 Ree8 50. b8=Q Rxc8 51. Qa7 Rf7 52. Qa6 Rb8+ 53. Ka2 f1=Q 0-1

[Event "Swiss National League-A 2024"]
[Site "Luzern"]
[Date "2024.10.12"]
[Round "8.33"]
[White "Kuehn, Peter"]
[Black "Edouard, Romain"]
[Result "0-1"]
[ECO "A81"]
[WhiteElo "2333"]
[BlackElo "2540"]
[Annotator "TA"]
[PlyCount "57"]
[EventDate "2023.10.03"]
[EventType "team-tourn"]
[EventCountry "SUI"]
[SourceTitle "playchess.com"]
[Source "ChessBase"]
[SourceQuality "1"]
[TimeControl "40/8400+30:20/3000+30:900+30"]

1. d4 f5 2. g3 Nf6 3. Bg2 g6 4. c3 Bg7 5. Qb3 Nc6 6. Nd2 d5 7. Ndf3 Ne4 8. Bf4 e6 {[%emt 0:05:51] The position is equal.} 9. h4 O-O 10. Nh3 h6 11. Rd1 Qe7 12. Be3 b6 13. Nf4 Qf7 14. Nd3 Na5 (14... Bb7 $11) 15. Qc2 $16 Nc4 16. Bf4 c5 17. Nfe5 Nxe5 18. Bxe5 c4 19. Bxg7 ({White should try} 19. Nf4 $14) 19... cxd3 $15 20. exd3 Kxg7 21. dxe4 fxe4 22. Qe2 {[%emt 0:05:31] [#] Inhibits Ba6.} ({White should play} 22. Bf1 $15) 22... Ba6 $1 $17 23. Qe3 Qc7 {[%emt 0:01:35] White is weak on the light squares} 24. Rd2 (24. b3 $17 {keeps fighting.}) 24... Rf6 $19 25. Kd1 Raf8 {[%emt 0:00:35][%cal Of6f3] Strongly threatening ...Rf3! Black is more active.} 26. Rh2 $2 {[%emt 0:00:15] [#]} (26. Kc1 $17) 26... Rf3 $1 {[%emt 0:08:30][%mdl 512] Black is clearly winning.} 27. Bxf3 Rxf3 28. Qe1 Qc4 29. Kc2 {[%emt 0:02:02] Weighted Error Value: White=0.79/Black=0.06 (flawless) .  Loses game:     	White=1     	---        Mistake:       	White=3     	Black=1      Inaccurate:     	White=2     	Black=1      OK:         	White=10    	Black=6      Best:        	---       	Black=1      Brilliant:      	---       	Black=2} 0-1

[Event "Swiss National League-A 2024"]
[Site "Luzern"]
[Date "2024.10.12"]
[Round "8.34"]
[White "Sokolov, Andrei"]
[Black "Hommeles, Theo"]
[Result "1/2-1/2"]
[ECO "C77"]
[WhiteElo "2516"]
[BlackElo "2396"]
[Annotator "TA"]
[PlyCount "60"]
[EventDate "2023.10.03"]
[EventType "team-tourn"]
[EventCountry "SUI"]
[SourceTitle "playchess.com"]
[Source "ChessBase"]
[SourceQuality "1"]
[TimeControl "40/8400+30:20/3000+30:900+30"]

1. e4 e5 2. Nf3 Nc6 3. Bc4 Nf6 4. d3 Be7 5. c3 O-O 6. Nbd2 d6 7. O-O Na5 8. Bb5 a6 9. Ba4 b5 10. Bc2 c5 11. d4 Nc6 12. d5 Nb8 13. a4 Bb7 14. b4 Nbd7 15. Nb3 Qc8 16. h3 c4 17. Na5 Bd8 18. Be3 {[%emt 0:05:07] White is more active.} Bxa5 19. bxa5 Nc5 20. Nd2 Qc7 $1 21. Qb1 Rfb8 $1 22. Qb4 Bc8 23. axb5 axb5 24. Kh2 Nfd7 25. Rfb1 Na6 {[%emt 0:02:48] Excellent horsemanship.} 26. Qa3 Ndc5 27. Nf1 Bd7 28. Ng3 g6 29. f4 Rb7 30. Qc1 b4 {[%emt 0:08:59] Weighted Error Value: White=0.08 (flawless) /Black=0.09 (flawless) .  Mistake:       	---       	Black=1      Inaccurate:     	White=2     	Black=2      OK:         	White=7     	Black=3      Best:        	White=1     	---        Strong:       	---       	Black=2} (30... Be8 $14) 1/2-1/2

[Event "Swiss National League-A 2024"]
[Site "Luzern"]
[Date "2024.10.12"]
[Round "8.35"]
[White "Wildi, Marcel"]
[Black "Riff, Jean-Noel"]
[Result "1/2-1/2"]
[ECO "C11"]
[WhiteElo "2213"]
[BlackElo "2406"]
[Annotator "TA"]
[PlyCount "80"]
[EventDate "2023.10.03"]
[EventType "team-tourn"]
[EventCountry "SUI"]
[SourceTitle "playchess.com"]
[Source "ChessBase"]
[SourceQuality "1"]
[TimeControl "40/8400+30:20/3000+30:900+30"]

1. d4 Nf6 2. Nc3 e6 3. e4 d5 4. exd5 Nxd5 5. Bd3 c5 6. Nge2 Nxc3 7. bxc3 Be7 8. O-O O-O 9. Be4 Nc6 10. Be3 Qa5 11. Qb1 Qa6 12. Re1 Na5 13. dxc5 e5 14. f4 Nc4 15. Bd3 e4 16. Bxc4 Qxc4 17. Qb4 Qe6 18. f5 Qc6 19. Ng3 Bh4 (19... b6 {seems wilder.} 20. Bf2 e3 21. Bxe3 Bb7) 20. Rf1 Re8 21. Rab1 {[%emt 0:00:34] White is more active.} (21. Rad1 $16) 21... Bf6 22. c4 b6 23. Qb5 {[%emt 0:01:13] Prevents Ba6.} Qxb5 24. cxb5 bxc5 25. Bxc5 Bb7 26. Be3 Rec8 27. Rf2 Rc3 28. Rb3 Rc4 29. Nf1 (29. Rd2 $16) 29... Rac8 {[%emt 0:00:18] [#]} (29... Kf8 $11) 30. Bxa7 (30. Rd2 $1 $16) 30... Ra4 $36 {[%emt 0:00:03][%mdl 2048] Black has good play.} 31. Be3 Rxa2 {[%emt 0:00:01] [#]} 32. c3 $1 Ra1 (32... Rxf2 {simplifies} 33. Kxf2 Rxc3 34. Rxc3 Bxc3 35. Bc5 g6) 33. g4 ({Better is} 33. Rd2 $1 $14) 33... Bd5 $15 34. Rbb2 Bxc3 35. Rbc2 {[%emt 0:00:01] The position is equal.} Bb3 {[%emt 0:00:09] This pair of bishops is nice.} 36. b6 {[%emt 0:00:19][%cal Oc2c3] Threatens to win with Rxc3!} Bxc2 37. b7 Rb8 38. Rxc2 Ra3 39. Bd2 Rxb7 40. Rxc3 Rxc3 {[%emt 0:00:05] Weighted Error Value: White=0.16 (very precise) /Black=0.16 (very precise) .  Mistake:       	White=4     	Black=1      Inaccurate:     	White=2     	Black=7      OK:         	White=13    	Black=11     Best:        	White=1     	Black=1} 1/2-1/2